 Dungeon Crawl Stone Soup version 0.26-a0-30-g56b8cd3df0 (webtiles) character file.

Game seed: 17706060912352602444, levelgen mode: deterministic

6 vurker the Conjurer (level 1, -3/15 HPs)
             Began as a Draconian Conjurer on May 29, 2020.
             Killed from afar by Natasha (4 damage)
             ... with a magic dart
             ... on level 2 of the Dungeon.
             The game lasted 00:00:29 (329 turns).

vurker the Conjurer (Draconian Conjurer)             Turns: 329, Time: 00:00:30

Health: -3/15      AC:  4    Str: 10    XL:     1   Next: 75%
Magic:  0/3        EV: 12    Int: 15    God:
Gold:   45         SH:  0    Dex: 11    Spells: 3/4 levels left

rFire    . . .     SeeInvis .   f - +0 short sword (speed)
rCold    . . .     Gourm    .   (no shield)
rNeg     . . .     Faith    .   (armour unavailable)
rPois    .         Spirit   .   (helmet restricted)
rElec    .         Reflect  .   (no cloak)
rCorr    .         Harm     .   (no gloves)
MR       .....                  (no boots)
Stlth    ++........             (no amulet)
HPRegen  0.05/turn              (no ring)
MPRegen  0.08/turn              (no ring)

@: slowed, very slow
A: unfitting armour, cold-blooded, AC +4
a: no special abilities


You were on level 2 of the Dungeon.
You were not hungry.

You visited 1 branch of the dungeon, and saw 2 of its levels.

You collected 45 gold pieces.

Inventory:

Hand Weapons
 f - a +0 short sword of speed (weapon)
   (You took it off a kobold on level 1 of the Dungeon)
Scrolls
 d - a scroll of identify {unknown}
Potions
 a - a potion of degeneration {unknown}
 c - a potion of haste {unknown}
Comestibles
 b - a chunk of flesh
 e - 3 rations


   Skills:
 + Level 0.4 Fighting
 - Level 1.7 Dodging
 - Level 1.7 Stealth
 * Level 2.2 Spellcasting
 * Level 4.1 Conjurations


You had 3 spell levels left.
You knew the following spells:

 Your Spells              Type           Power        Failure   Level  Hunger
a - Magic Dart            Conj           ##..         4%          1    #......

Your spell library contained the following spells:

 Spells                   Type           Power        Failure   Level  Hunger
 Searing Ray              Conj           ##....       6%          2    ###....
 Dazzling Flash           Conj/Hex       #.....       28%         3    ###....
 Fulminant Prism          Conj/Hex       #.........   67%         4    #####..
 Iskenderun's Mystic Bla  Conj/Tloc      #.......     67%         4    #####..


Dungeon Overview and Level Annotations

Branches:
Dungeon (1/15)

Altars:

Annotations:
D:2 Natasha


Innate Abilities, Weirdness & Mutations

Your plain brown scales are hard. (AC +4)
You cannot fit into any form of body armour.
You are cold-blooded and may be slowed by cold attacks.


Message History

The kobold hits you with a +0 short sword.
You hit the kobold.
A frilled lizard comes into view.
You closely miss the kobold. The kobold hits you but does no damage.
You hit the kobold but do no damage.
Your tail-slap misses the kobold.
The kobold misses you.
You hit the kobold but do no damage. You closely miss the kobold.
The kobold hits you with a +0 short sword.
You hit the kobold.
You kill the kobold!
Aim: a frilled lizard The magic dart hits the frilled lizard.
You don't have enough magic to cast that spell.
The frilled lizard bites you but does no damage.
You completely miss the frilled lizard. You miss the frilled lizard.
The frilled lizard bites you but does no damage.
You closely miss the frilled lizard. You tail-slap the frilled lizard.
You kill the frilled lizard!
You see here a +0 short sword.
Found a ration.
Found a hand axe.
e - 3 rations (gained 1)
Found a ring mail.
Some of the chunks of flesh in your inventory have rotted away.
You fall into a shaft and drop 1 floor!
The shaft crumbles and collapses.
Found a ration, 9 gold pieces and a copper ring.
Natasha, Servant of Life and Death comes into view.
Aim: Natasha (asleep)
The magic dart hits Natasha.
Natasha casts a spell at you. The magic dart hits you!
Aim: Natasha (lightly wounded)
The magic dart hits Natasha.
Natasha casts a spell at you.
You feel yourself slow down.
Aim: Natasha (lightly wounded)
The magic dart hits Natasha.
You don't have enough magic to cast that spell.
Natasha claws you!
* * * LOW HITPOINT WARNING * * *
Found a glowing whip.
You hit Natasha.
Natasha wildly gestures.
You feel disoriented. Natasha casts a spell at you. The magic dart hits you.
You die...

... ..# ..
#.### =...
..
###..##...
#.h...$...
#.@..%....
##.#..#..)
........#
##
.########


You could see Natasha.

Vanquished Creatures
  A ball python (D:1)
  A bat (D:1)
  2 frilled lizards (D:1)
  2 kobolds (D:1)
  A rat (D:1)
7 creatures vanquished.

Notes
Turn   | Place    | Note
-------+----------+-------------------------------------------
     0 | D:1      | vurker the Draconian Conjurer began the quest for the Orb.
     0 | D:1      | Reached XP level 1. HP: 14/14 MP: 3/3
   324 | D:1      | You fall into a shaft and drop 1 floor!
   325 | D:2      | Noticed Natasha
   329 | D:2      | Killed from afar by Natasha

Illustrated notes

Levels and vault maps discovered:
D:1:      zelgadis_glass_arrival_large, layout_loops_corners,
          minmay_tetromino_o4
D:2:      layout_basic, nicolae_qazlal_general_emergency,
          kennysheep_vampire_church, fiery_altar_vehumet, first_ration,
          uniq_natasha

Action                   || total
-------------------------++-------
Melee: Short sword       ||    12
       Tailslap          ||     2
 Cast: Magic Dart        ||    13
Armor: Skin              ||     4
Dodge: Dodged            ||     1

Table legend:
 A = Non-vault XP
 B = Vault XP
 C = Vault XP percentage of total XP
 D = Non-vault monster count
 E = Vault monster count
 F = Vault count percentage of total count
                 A         B        C        D         E       F
            +---------+---------+-------+---------+---------+-------
      Total |       9 |       0 |   0.0 |       7 |       0 |   0.0
            +---------+---------+-------+---------+---------+-------
        D:1 |       9 |       0 |   0.0 |       7 |       0 |   0.0
            +---------+---------+-------+---------+---------+-------
